 Dungeon Crawl Stone Soup version 0.17-a0-776-gd86b262 (webtiles) character file.

139 karvarausku the Poker (level 5, 0/45 HPs)
             Began as a Draconian Fighter on Apr 24, 2015.
             Slain by a giant frog (2 damage)
             ... on level 4 of the Dungeon.
             The game lasted 00:04:07 (2358 turns).

karvarausku the Poker (Draconian Fighter)           Turns: 2358, Time: 00:04:07

Health: 0/45       AC:  5    Str: 18    XL:     5   Next: 1%
Magic:  5/5        EV: 10    Int: 10    God:
Gold:   192        SH:  9    Dex: 12    Spells: 0 memorised, 4 levels left

rFire  . . .     SeeInvis .     a - +0 trident
rCold  . . .     Clarity  .     (armour unavailable)
rNeg   . . .     SustAb   .     b - +0 shield
rPois  .         Gourm    .     (helmet restricted)
rElec  .         Spirit   .     (no cloak)
rCorr  .         Warding  .     (no gloves)
rMut   .         Stasis   .     (no boots)
MR     .....                    (no amulet)
Stlth  +.........               n - +2 ring of intelligence
                                k - ring of flight

@: not resistant to hostile enchantments, very unstealthy
A: unfitting armour, cold-blooded, AC +5
a: Evoke Flight


You were on level 4 of the Dungeon.
You were not hungry.

You visited 1 branch of the dungeon, and saw 4 of its levels.

You collected 192 gold pieces.

Inventory:

Hand weapons
 a - a +0 trident (weapon)
Missiles
 s - 5 curare-tipped needles
Armour
 b - a +0 shield (worn)
Jewellery
 k - a ring of flight (left hand)
 n - a +2 ring of intelligence (right hand)
Magical devices
 p - a wand of random effects (17)
Scrolls
 e - 3 scrolls of recharging {unknown}
 f - a scroll of remove curse {unknown}
 i - a scroll of magic mapping {unknown}
 j - a scroll of enchant weapon {unknown}
 o - 2 scrolls of identify {unknown}
Potions
 c - a potion of might
 g - 3 potions of curing {unknown}
 h - a potion of cancellation {unknown}
 m - 2 potions of restore abilities {unknown}
 r - a potion of poison {unknown}
Comestibles
 d - a bread ration
 l - a meat ration
 q - 6 chunks of flesh


   Skills:
 - Level 3.2 Fighting
 + Level 5.2 Polearms
 - Level 2.6 Dodging
 - Level 3.0 Shields


You had 4 spell levels left.
You didn't know any spells.

Dungeon Overview and Level Annotations

Branches:
Dungeon (4/15)
 Temple: D:4-7

Altars:
Qazlal
Zin

Annotations:
D:3 travloon's ghost, average DrFi


Innate Abilities, Weirdness & Mutations

Your plain brown scales are hard (AC +5).
Your body does not fit into most forms of armour.
You are cold-blooded and may be slowed by cold attacks.


Message History

Okay, then.
Evoke which item? (* to show all) (? for menu, Esc to quit)
Zapping:
p - a wand of random effects (will waste charges)
Press: ? - help, Shift-Dir - straight line, f - giant frog
Aim: a giant frog (resting)
The fireball explodes!
The fireball engulfs the giant frog.
The giant frog is heavily wounded.
Evoking this partially-identified wand wasted a few charges.
You hear a shout! x2
Firing (i - inventory): No suitable missiles.
Press: ? - help, Shift-Dir - straight line, f/p - giant frog
Aim: a giant frog (heavily wounded)
Okay, then.
Attack whom?
Press: ? - help, Dir - move target cursor, f/p - giant frog
Aim: a giant frog (heavily wounded)
You reach to attack!
You barely miss the giant frog.
The giant frog is heavily wounded.
The giant frog hits you.
You die...

= .## ..
#######..
.........#
.........+
.........#
..........#
........@.#
.......F..+
.........#
.........#
.........#
........#
###.....
...>.. ###


You could see a giant frog.

Vanquished Creatures
  Ijyb (D:2)
  An adder (D:3)
  3 gnolls (D:3)
  An ooze (D:1)
  3 worms
  2 giant geckos (D:1)
  A ball python (D:1)
  A giant cockroach (D:2)
  8 goblins
  6 hobgoblins
  6 jackals
  8 kobolds
  3 quokkas
  4 bats
  6 giant newts
  A quokka skeleton (D:3)
  4 rats
59 creatures vanquished.

Notes
Turn   | Place    | Note
--------------------------------------------------------------
     0 | D:1      | karvarausku, the Draconian Fighter, began the quest for the Orb.
     0 | D:1      | Reached XP level 1. HP: 19/19 MP: 1/1
    99 | D:1      | Reached XP level 2. HP: 12/26 MP: 2/2
   739 | D:2      | Reached XP level 3. HP: 31/31 MP: 3/3
  1215 | D:2      | Reached skill level 4 in Polearms
  1390 | D:2      | Noticed Ijyb
  1409 | D:2      | Killed Ijyb
  1409 | D:2      | Reached XP level 4. HP: 28/38 MP: 4/4
  1649 | D:2      | Found a stormy altar of Qazlal.
  1972 | D:3      | Found a glowing silver altar of Zin.
  2190 | D:3      | Reached skill level 5 in Polearms
  2207 | D:3      | Reached XP level 5. HP: 27/45 MP: 5/5
  2225 | D:3      | Noticed travloon's ghost (average DrFi)
  2355 | D:3      | HP: 1/45 [travloon's ghost (17)]
  2358 | D:4      | Slain by a giant frog

Action                   |  1- 3 |  4- 6 || total
-------------------------+-------+-------++-------
Melee: Trident           |   188 |    71 ||   259
Evoke: Wand              |       |     1 ||     1
 Stab: Sleeping          |     1 |     2 ||     3
  Eat: Chunk             |     2 |     3 ||     5
